 Dungeon Crawl Stone Soup version 0.28.0-49-g6dfe1f597d (webtiles) character file.

Game seed: 16075479952233564511

1 kommiami the Shield-Bearer (level 1, 0/22 HPs)
             Began as a Troll Fighter on May 18, 2022.
             Frozen to death by an endoplasm (2 damage)
             ... on level 1 of the Dungeon.
             The game lasted 00:00:39 (25 turns).

kommiami the Shield-Bearer (Troll Fighter)            Turns: 25, Time: 00:00:41

Health: 0/22       AC:  4    Str: 23    XL:     1   Next: 16%
Magic:  0/0        EV:  8    Int:  4    God:
Gold:   0          SH:  7    Dex:  9    Spells: 0/0 levels left

rFire   . . .      SeeInvis .     - Unarmed
rCold   . . .      Faith    .   b - +0 kite shield
rNeg    . . .      Spirit   .   a - +0 robe
rPois   .          Reflect  .   (helmet restricted)
rElec   .          Harm     .   (no cloak)
rCorr   .          Rampage  .   (gloves unavailable)
Will    .....                   (boots unavailable)
Stlth   +.........              (no amulet)
HPRegen 0.87/turn               (no ring)
MPRegen 0.07/turn               (no ring)

@: no status effects
A: large, unfitting armour, claws 3, regeneration 1, shaggy fur 1, tough skin 1
a: no special abilities


You were on level 1 of the Dungeon.
You visited 1 branch of the dungeon, and saw 1 of its levels.

Inventory:

Armour
 a - a +0 robe (worn)
 b - a +0 kite shield (worn)
Potions
 c - a potion of might


   Skills:
 + Level 2.4 Fighting
 + Level 2.4 Dodging
 + Level 2.4 Shields
 + Level 2.0 Unarmed Combat


You couldn't memorise any spells.
You didn't know any spells.
Your spell library was empty.

Dungeon Overview and Level Annotations

Branches:
Dungeon (1/15)

Altars:


Innate Abilities, Weirdness & Mutations

You are too large for most types of armour.
You have claws for hands.
Your natural rate of healing is unusually fast.
You are covered in fur. (AC +1)
You have tough skin. (AC +1)


Message History

The bat barely misses you. The bat hits you. The endoplasm hits you.
The kobold hits you with a +0 whip.
You closely miss the bat.
The bat is heavily wounded.
You block the bat's attack. The endoplasm freezes you.
You are frozen.
The kobold closely misses you.
You closely miss the kobold. The endoplasm hits you.
A rat comes into view.
You block the kobold's attack.
You scratch the kobold but do no damage.
The bat hits you but does no damage.
The endoplasm hits you but does no damage.
The kobold hits you with a +0 whip.
You closely miss the kobold. You block the bat's attack.
You block the endoplasm's attack. The kobold hits you with a +0 whip.
The bat hits you but does no damage.
You scratch the bat.
The bat is severely wounded.
The bat hits you but does no damage. You block the endoplasm's attack.
The kobold completely misses you. The bat closely misses you.
You barely miss the bat.
The bat is severely wounded.
The bat hits you but does no damage. You block the bat's attack.
The endoplasm freezes you.
You are frozen.
* * * LOW HITPOINT WARNING * * *
The kobold hits you with a +0 whip.
* * * LOW HITPOINT WARNING * * *
The bat hits you but does no damage. The bat hits you.
* * * LOW HITPOINT WARNING * * *
You block the endoplasm's attack.
You barely miss the bat.
The bat is heavily wounded.
The bat hits you but does no damage. You block the kobold's attack.
The rat bites you.
* * * LOW HITPOINT WARNING * * *
The endoplasm freezes you.
You are frozen.
You die...

.. .# ## . .... .. #.#.
...#... . ..... #+#####..
#..##########........
#.)J.......##.#......
##.K@≈≈b≈........≈≈≈≈
#...r§≈≈≈≈§......≈≈≈≈≈
......§§§≈§≈≈..><..≈≈≈≈≈
.....#..§§≈§≈§......≈≈≈≈≈
...#.#.§§§≈§§..####..≈≈≈≈
#..#..........## #.....
.. ..........# .....
...##.##..# .#.. #. #.. .
.


You could see an endoplasm, a bat, a kobold and a rat.

Vanquished Creatures
  A goblin (D:1)
1 creature vanquished.

Notes
Turn   | Place    | Note
-------+----------+-------------------------------------------
     0 | D:1      | kommiami the Troll Fighter began the quest for the Orb.
     0 | D:1      | Reached XP level 1. HP: 22/22 MP: 0/0
    25 | D:1      | Frozen to death by an endoplasm

Illustrated notes

Levels and vault maps discovered:
D:1:      dpeg_arrival_pits, layout_basic, serial_shops, nicolae_shop_trees

Action                   || total
-------------------------++-------
Melee: Unarmed           ||    15
Armor: Robe              ||    12
Dodge: Dodged            ||     9
Block: Kite shield       ||    11
